 Dungeon Crawl Stone Soup version 0.25-a0-42-g6c54e25894 (webtiles) character file.

Game seed: 9220484041741626396, levelgen mode: deterministic

89710 vurker the Eclecticist (level 15, -14/117 HPs)
             Began as a Mummy Fire Elementalist on Oct 21, 2019.
             Was an Initiate of Gozag.
             Demolished by a jumping spider (16 damage)
             ... on level 2 of the Spider Nest on Oct 22, 2019.
             The game lasted 01:28:10 (45603 turns).

vurker the Eclecticist (Mummy Fire Elementalist)   Turns: 45603, Time: 01:28:10

Health: -14/117    AC: 11    Str: 11    XL:     15   Next: 50%
Magic:  14/35      EV: 18    Int: 20    God:    Gozag
Gold:   1926       SH:  0    Dex: 14    Spells: 23/47 levels left

rFire    + . .     SeeInvis .   w - +4 dagger (elec)
rCold    . . .     Gourm    .   I - +0 buckler
rNeg     + + +     Faith    .   C - +2 robe {rF+}
rPois    ∞         Spirit   .   g - +1 helmet
rElec    .         Reflect  +   k - +0 cloak
rCorr    .         Harm     .   f - +2 pair of gloves
MR       +....                  j - +0 pair of boots
Stlth    +.........             c - +4 amulet of reflection
HPRegen  0.29/turn              G - +6 ring of evasion
MPRegen  0.24/turn              m - ring of fire

@: confused
A: no food or potions, fire vulnerability, cold resistance 1, negative energy
resistance 3, torment resistance, unbreathing, in touch with death 1
a: Potion Petition, Call Merchant, Bribe Branch, Renounce Religion


You were on level 2 of the Spider Nest.
You worshipped Gozag.
Gozag was most pleased with you.
You were not hungry.

You visited 5 branches of the dungeon, and saw 23 of its levels.
You also visited: Ice Cave.

You collected 7592 gold pieces.
You spent 1547 gold pieces at shops.
You paid 4119 gold pieces to Gozag.

Inventory:

Hand Weapons
 w - a +4 dagger of electrocution (weapon)
   (You took it off an orc wizard on level 7 of the Dungeon)
 J - the +6 long sword of Ocie {vamp, +Rage +Inv rC++ Dex-4}
   (You found it on level 6 of the Lair of Beasts)

   It inflicts no extra harm, but heals its wielder when it wounds a living foe.
   It affects your dexterity (-4).
   It greatly protects you from cold.
   It lets you turn invisible.
   It lets you go berserk.
Missiles
 s - 4 throwing nets (quivered)
Armour
 f - a +2 pair of gloves (worn)
   (You found it on level 6 of the Dungeon)
 g - a +1 helmet (worn)
   (You found it on level 2 of the Dungeon)
 j - a +0 pair of boots (worn)
   (You found it on level 5 of the Dungeon)
 k - a +0 cloak (worn)
   (You found it on level 3 of the Dungeon)
 y - a +0 pair of gloves of dexterity
   (You found it on level 11 of the Dungeon)
 C - a +2 robe of fire resistance (worn)
   (You bought it in a shop on level 8 of the Dungeon)
 I - a +0 buckler (worn)
   (You found it on level 6 of the Lair of Beasts)
Jewellery
 b - an uncursed ring of wizardry
   (You found it on level 1 of the Dungeon)
 c - a +4 amulet of reflection (around neck)
   (You found it on level 2 of the Spider Nest)
 d - an uncursed ring of protection from cold
   (You found it on level 3 of the Dungeon)
 m - a ring of fire (right hand)
   (You found it on level 6 of the Dungeon)
 r - an uncursed ring of flight
   (You found it on level 6 of the Dungeon)
 G - a +6 ring of evasion (left hand)
   (You found it on level 4 of the Lair of Beasts)
 K - an uncursed ring of resist corrosion
   (You found it on level 12 of the Dungeon)
Wands
 t - a wand of flame (14)
   (You took it off a big kobold on level 10 of the Dungeon)
 v - a wand of digging (13)
   (You took it off an orc on level 11 of the Dungeon)
Scrolls
 e - 3 scrolls of identify
 h - 2 scrolls of amnesia
 i - 12 scrolls of teleportation
 l - 3 scrolls of enchant weapon
 n - 13 scrolls of remove curse
 o - a scroll of silence
 p - 3 scrolls of fear
 q - 5 scrolls of magic mapping
 u - 5 scrolls of fog
 z - 3 scrolls of blinking
 A - a scroll of summoning
 D - a scroll of enchant armour
 H - 2 scrolls of immolation
 L - a scroll of brand weapon
Miscellaneous
 E - a lamp of fire (inert)
   (You found it on level 3 of the Lair of Beasts)


   Skills:
 + Level 10.4 Fighting
 - Level 1.5 Dodging
 - Level 1.5 Stealth
 + Level 3.3 Shields
 * Level 16.6 Spellcasting
 * Level 12.2 Conjurations
 * Level 12.4 Fire Magic
 + Level 1.8 Earth Magic
 + Level 4.5 Evocations


You had 23 spell levels left.
You knew the following spells:

 Your Spells              Type           Power        Failure   Level  Hunger
a - Bolt of Fire          Conj/Fire      #######...   3%          6    N/A
c - Conjure Flame         Conj/Fire      #######.     1%          3    N/A
d - Iron Shot             Conj/Erth      #####.....   32%         6    N/A
q - Sticky Flame          Conj/Fire      #######.     1%          4    N/A
z - Fireball              Conj/Fire      #######...   1%          5    N/A

Your spell library contained the following spells:

 Spells                   Type           Power        Failure   Level  Hunger
 Flame Tongue             Conj/Fire      #####        1%          1    N/A
 Magic Dart               Conj           ####         1%          1    N/A
 Shock                    Conj/Air       ####         1%          1    N/A
 Searing Ray              Conj           ######       1%          2    N/A
 Throw Flame              Conj/Fire      ######       1%          2    N/A
 Dazzling Spray           Conj/Hex       #####.       1%          3    N/A
 Inner Flame              Hex/Fire       ######..     1%          3    N/A
 Bolt of Magma            Conj/Fire/Erth ######....   2%          5    N/A
 Sticks to Snakes         Tmut           ###.....     6%          2    N/A
 Leda's Liquefaction      Hex/Erth       ###.......   26%         4    N/A
 Bolt of Cold             Conj/Ice       #####.....   43%         6    N/A
 Metabolic Englaciation   Hex/Ice        ###.......   71%         5    N/A
 Freezing Cloud           Conj/Ice/Air   ####......   73%         6    N/A
 Ring of Flames           Chrm/Fire      ######....   94%         7    N/A
 Ozocubu's Refrigeration  Ice            ###.......   99%         6    N/A
 Simulacrum               Ice/Necr       ###.......   99%         6    N/A
 Shatter                  Erth           ###.......   100%        9    N/A
 Beastly Appendage        Tmut           Unusable     N/A         1    N/A
 Spider Form              Tmut/Pois      Unusable     N/A         3    N/A
 Ice Form                 Ice/Tmut       Unusable     N/A         4    N/A
 Blade Hands              Tmut           Unusable     N/A         5    N/A
 Statue Form              Tmut/Erth      Unusable     N/A         6    N/A

Dungeon Overview and Level Annotations

Branches:
Dungeon (12/15)            Temple (1/1) D:4            Lair (6/6) D:8
 Shoals (0/4) Lair:3       Spider (2/4) Lair:4        Slime (0/5) Lair:6
    Orc (2/2) D:12            Elf (0/3) Orc:2         IceCv (visited)

Altars:
Ashenzari
Cheibriados
Dithmenos
Elyvilon
Fedhas
Gozag
Hepliaklqana
Kikubaaqudgha
Makhleb
Nemelex Xobeh
Okawaru
Qazlal
Ru
Sif Muna
Trog
Uskayaw
Vehumet
Wu Jian
Xom
Yredelemnul
Zin
The Shining One
Beogh
Jiyva

Shops:
D:5 =(?}*   D:8 [   D:12 (   Orc:2 ?:?*?*[:

Portals:
Bazaar: D:11

Annotations:
D:10 3 runed translucent doors, Stiffzip's ghost, journeyman HaHu; Yorgos's ghost, journeyman DsAK
Lair:6 1 runed translucent door


Innate Abilities, Weirdness & Mutations

You do not eat or drink.
Your flesh is vulnerable to fire.
You are immune to poison.
Your flesh is cold resistant. (rC+)
You are immune to negative energy. (rN+++)
You are immune to unholy pain and torment.
You can survive without breathing.
You are in touch with the powers of death.


Message History

The jumping spider bites your worker ant.
Your worker ant barely misses the jumping spider.
The jumping spider barely misses your worker ant.
The jumping spider bites your worker ant!
Your worker ant dies!
Your worker ant's corpse disappears in a puff of smoke!
The jumping spider leaps!
Things that are here:
7 gold pieces; a ration The jumping spider misses you. x2
The jumping spider leaps!
You bump into the rock wall.
The jumping spider leaps!
You're too confused to cast spells.
You bump into the rock wall.
The jumping spider leaps!
You're too confused to move!
The jumping spider misses you.
The jumping spider bites you but does no damage.
The jumping spider pounces on you but does no damage.
The jumping spider bites you but does no damage.
You're too confused to cast spells.
The jumping spider pounces on you but does no damage.
The jumping spider misses you.
You're too confused to move!
The jumping spider misses you. The jumping spider bites you.
* * * LOW HITPOINT WARNING * * *
The jumping spider pounces on you!
* * * LOW HITPOINT WARNING * * *
The jumping spider misses you.
Okay, then.
The jumping spider pounces on you.
* * * LOW HITPOINT WARNING * * *
The jumping spider closely misses you.
You're too confused!
Unknown command.
You're too confused to move!
The jumping spider leaps!
The jumping spider pounces on you.
* * * LOW HITPOINT WARNING * * *
The jumping spider bites you but does no damage.
The jumping spider pounces on you.
* * * LOW HITPOINT WARNING * * *
The jumping spider bites you but does no damage.
You bump into the rock wall.
The jumping spider misses you.
The jumping spider completely misses you.
The jumping spider closely misses you.
The jumping spider completely misses you.
The jumping spider pounces on you but does no damage.
The jumping spider misses you. The jumping spider pounces on you!
You die...
Your body crumbles into a pile of gold.

......
####....#
..... ##.^...
...# ##....^
#.$# #.....#
##..# .....#
#..$### ....#
#..$..####..##
##...$...s.<.#
#
##.#^....@.##
## #######..##
(## #### ..#
..## ...# ...#
##### ### ...#
##...##..#^..
####
##........#...


You could see a jumping spider.

Vanquished Creatures
  Aizul (Spider:1)
  2 entropy weavers (Spider:2)
  An ice dragon (Lair:4)
  Harold (D:7)
  14 hydras
  Erolcha (D:12)
  A catoblepas (Lair:6)
  3 two-headed ogres
  A deep troll shaman (Lair:6)
  11 death yaks (Lair:6)
  4 orc high priests (Orc:2)
  Nergalle (Lair:4)
  4 unseen horrors
  10 orc knights
  Pikel (D:4)
  3 ugly things
  2 oklob plants (Lair:6)
  4 orb spiders
  8 wolf spiders
  A moth of wrath (Spider:2)
  A cyclops (D:11)
  2 elephants (Lair:6)
  A merfolk siren (Lair:3)
  3 ice statues (IceCv)
  3 black mambas
  A gargoyle (D:10)
  6 spiny frogs
  4 demonic crawlers
  15 rime drakes
  4 komodo dragons
  3 meliai (Spider:1)
  3 trolls
  5 jumping spiders
  7 polar bears
  A queen bee (Spider:1)
  12 hippogriffs
  16 blink frogs
  7 dream sheep (Lair:6)
  15 redbacks
  Sigmund (D:5)
  A wraith (D:12)
  14 yaks
  14 tarantellas
  A wyvern (Lair:1)
  A basilisk (Lair:5)
  A hungry ghost (D:10)
  5 steam dragons (Lair:3)
  Edmund (D:6)
  2 wargs
  An acid dragon (Lair:3)
  10 water moccasins
  12 porcupines
  32 orc warriors
  2 slaves (D:5)
  4 black bears
  7 ice beasts
  5 sky beasts
  An eye of draining (D:10)
  A swamp drake (D:12)
  18 wolves
  2 necrophages
  10 ogres
  3 phantoms
  14 centaurs
  7 crocodiles
  A big kobold (D:10)
  Blork the orc (D:5)
  15 bullfrogs
  A wyvern skeleton (D:8)
  5 scorpions
  24 killer bees
  14 wights
  7 electric eels
  3 howler monkeys
  A bullfrog zombie (D:5)
  4 crimson imps
  4 centaur zombies
  2 centaur skeletons
  8 hounds
  A jelly (D:6)
  40 orc priests
  A bullfrog skeleton (D:9)
  19 orc wizards
  4 iguanas
  6 worker ants
  A hound zombie (D:8)
  A howler monkey zombie (D:7)
  5 hound skeletons
  4 worker ant zombies
  3 gnolls (D:5)
  14 adders
  A howler monkey skeleton (D:6)
  3 shadow imps
  An ooze (D:2)
  An adder skeleton (D:9)
  2 worms
  4 dart slugs
  5 leopard geckos
  95 orcs
  6 giant cockroaches
  3 goblins
  9 hobgoblins
  8 jackals
  11 kobolds
  3 quokkas
  3 ball pythons
  9 bats
  A frilled lizard (D:2)
  A leopard gecko skeleton (D:4)
  A quokka skeleton (D:5)
  8 rats
  A bush (Lair:6)
  2 fungi (Lair:3)
  4 plants
724 creatures vanquished.

Vanquished Creatures (collateral kills)
  A tarantella (Spider:2)
1 creature vanquished.

Vanquished Creatures (others)
  A death yak (Lair:6)
  An orc warrior (Orc:2)
  2 centaurs (D:12)
  13 fungi
  12 plants
29 creatures vanquished.

Grand Total: 754 creatures vanquished

Notes
Turn   | Place    | Note
-------+----------+-------------------------------------------
     0 | D:1      | vurker the Mummy Fire Elementalist began the quest for the
                  | Orb.
     0 | D:1      | Reached XP level 1. HP: 13/13 MP: 4/4
   176 | D:1      | Reached skill level 1 in Conjurations
   243 | D:1      | Reached XP level 2. HP: 20/20 MP: 1/5
   374 | D:1      | Reached skill level 3 in Spellcasting
   920 | D:2      | Reached XP level 3. HP: 25/25 MP: 3/7
   925 | D:2      | Learned a level 3 spell: Conjure Flame
  1213 | D:2      | Reached skill level 1 in Fighting
  1470 | D:2      | Reached XP level 4. HP: 32/32 MP: 7/9
  2224 | D:3      | Learned a level 4 spell: Sticky Flame
  2770 | D:3      | Reached skill level 4 in Spellcasting
  3030 | D:4      | Noticed an ogre
  3137 | D:4      | Noticed an ogre
  3162 | D:4      | Reached XP level 5. HP: 31/37 MP: 1/11
  3205 | D:4      | Found a staircase to the Ecumenical Temple.
  3258 | D:4      | Killed an ogre
  3268 | Temple   | Entered the Ecumenical Temple
  3565 | Temple   | Became a worshipper of Gozag Ym Sagoz the Greedy
  3602 | D:4      | Killed an ogre
  3602 | D:4      | Reached XP level 6. HP: 44/44 MP: 3/13
  3735 | D:4      | Reached skill level 5 in Spellcasting
  4526 | D:5      | Entered Level 5 of the Dungeon
  4556 | D:5      | Noticed an ice beast
  4569 | D:5      | Killed an ice beast
  4569 | D:5      | Reached XP level 7. HP: 38/51 MP: 1/15
  4721 | D:5      | Noticed Pikel
  4963 | D:5      | Noticed a two-headed ogre
  5150 | D:5      | Found Wuelagh's Magic Scroll Boutique.
  5155 | D:5      | Bought a scroll of remove curse for 36 gold pieces
  5155 | D:5      | Bought a scroll of silence for 90 gold pieces
  5155 | D:5      | Bought a scroll of fear for 42 gold pieces
  5213 | D:5      | Found Hoisan's General Store.
  5249 | D:5      | Reached skill level 6 in Spellcasting
  5434 | D:5      | Found Lisoma's Jewellery Shop.
  5438 | D:5      | Noticed Blork the orc
  5457 | D:5      | Killed Blork the orc
  5637 | D:5      | Found a blossoming altar of Fedhas.
  5659 | D:4      | Killed Pikel
  5659 | D:4      | Reached skill level 5 in Fire Magic
  5659 | D:4      | Reached XP level 8. HP: 38/58 MP: 4/18
  5787 | D:5      | Found Yssoirua's Antique Weapon Emporium.
  5857 | D:5      | Found Boduwem's Gadget Boutique.
  6022 | D:5      | Learned a level 5 spell: Fireball
  6023 | D:6      | Noticed Sigmund
  6029 | D:5      | Reached skill level 7 in Spellcasting
  6797 | D:5      | Reached skill level 5 in Conjurations
  6964 | D:5      | Killed Sigmund
  6964 | D:5      | Reached XP level 9. HP: 23/65 MP: 4/20
  7179 | D:5      | Reached skill level 8 in Spellcasting
  7366 | D:6      | Noticed Edmund
  7379 | D:6      | Killed Edmund
  7654 | D:6      | Found a shadowy altar of Dithmenos.
  7770 | D:6      | Found a hide-covered altar of Uskayaw.
  7772 | D:6      | Found a sparkling altar of Nemelex Xobeh.
  8387 | D:7      | Noticed Harold
  9538 | D:7      | Killed a two-headed ogre
  9538 | D:7      | Reached skill level 5 in Fighting
  9538 | D:7      | Reached skill level 9 in Spellcasting
  9937 | D:7      | Killed Harold
  9937 | D:7      | Reached XP level 10. HP: 6/74 MP: 1/23
 10913 | D:8      | Noticed a two-headed ogre
 10921 | D:7      | Killed a two-headed ogre
 10921 | D:7      | Reached skill level 10 in Spellcasting
 11524 | D:8      | Found a basalt altar of Yredelemnul.
 11784 | D:8      | Found a staircase to the Lair.
 12093 | D:8      | Found a blossoming altar of Fedhas.
 12498 | D:8      | Found a basalt altar of Yredelemnul.
 12987 | D:8      | Found a blossoming altar of Fedhas.
 13700 | D:9      | Found a snail-covered altar of Cheibriados.
 13919 | D:9      | Got an iridescent glaive
 14030 | D:9      | Found a white marble altar of Elyvilon.
 14426 | D:9      | Reached skill level 11 in Spellcasting
 14426 | D:9      | Reached XP level 11. HP: 50/81 MP: 9/26
 14835 | D:10     | Entered Level 10 of the Dungeon
 15501 | D:10     | Noticed an unseen horror
 15504 | D:10     | Killed an unseen horror
 15731 | D:10     | Found a runed translucent gate.
 15731 | D:10     | Found a runed translucent gate.
 15731 | D:10     | Found a runed translucent gate.
 15731 | D:10     | Noticed Yorgos's ghost (journeyman DsAK)
 16509 | D:10     | Noticed Stiffzip's ghost (journeyman HaHu)
 16775 | D:11     | Noticed an unseen horror
 16781 | D:11     | Killed an unseen horror
 17282 | D:11     | Found a shimmering altar of Xom.
 17293 | D:11     | Found a gateway to a bazaar.
 17848 | D:11     | Noticed a five-headed hydra
 17852 | D:11     | Killed a five-headed hydra
 17852 | D:11     | Reached skill level 12 in Spellcasting
 18184 | D:11     | Noticed an unseen horror
 18188 | D:11     | Killed an unseen horror
 18386 | D:8      | Upgraded the game from 0.25-a0-41-g6cf4ce537d to
                  | 0.25-a0-42-g6c54e25894
 18392 | D:8      | Bought a runed robe for 77 gold pieces
 18402 | D:8      | Bought a glowing robe for 77 gold pieces
 18423 | Lair:1   | Entered Level 1 of the Lair of Beasts
 18585 | Lair:1   | Noticed a five-headed hydra
 18596 | Lair:1   | Killed a five-headed hydra
 19180 | Lair:1   | Reached XP level 12. HP: 85/91 MP: 18/28
 19771 | Lair:2   | Noticed an eight-headed hydra
 19783 | Lair:1   | Killed an eight-headed hydra
 20853 | Lair:3   | Noticed a four-headed hydra
 20854 | Lair:3   | Noticed a seven-headed hydra
 20859 | Lair:3   | Killed a four-headed hydra
 20859 | Lair:3   | Reached skill level 13 in Spellcasting
 21008 | Lair:3   | Killed a seven-headed hydra
 21429 | Lair:3   | Reached skill level 10 in Fire Magic
 22182 | Lair:3   | Found a staircase to the Shoals.
 22424 | Lair:3   | Reached skill level 10 in Conjurations
 23358 | Lair:3   | Gained mutation: You are in touch with the powers of death.
                  | [Mummy growth]
 23358 | Lair:3   | Reached XP level 13. HP: 81/99 MP: 20/30
 23512 | Lair:3   | Got a twisted morningstar
 23514 | Lair:3   | Identified the +9 morningstar of the Crushed Cities {crush,
                  | Str+2 Dex+3} (You found it on level 3 of the Lair of
                  | Beasts)
 23647 | Lair:3   | Reached skill level 14 in Spellcasting
 24333 | Lair:4   | Found a frozen archway.
 24693 | IceCv    | Entered an ice cave
 25486 | IceCv    | Got heavily runed ice dragon scales
 25487 | IceCv    | Identified the cursed +1 ice dragon scales of the Leaf
                  | {-Cast +Fly rF- rC++ Regen+ Stlth+} (You found it in an ice
                  | cave)
 25735 | Lair:4   | Noticed Nergalle
 25744 | Lair:4   | Killed Nergalle
 25880 | Lair:4   | Found a hole to the Spider Nest.
 27032 | Lair:5   | Reached skill level 1 in Evocations
 28053 | Lair:6   | Entered Level 6 of the Lair of Beasts
 28843 | Lair:6   | Reached skill level 15 in Spellcasting
 29649 | Lair:6   | Reached XP level 14. HP: 108/108 MP: 8/33
 30796 | Lair:6   | Found a runed translucent door.
 30796 | Lair:6   | Found a viscous altar of Jiyva.
 30797 | Lair:6   | Found a staircase to the Slime Pits.
 30797 | Lair:6   | Noticed an azure jelly
 31897 | Lair:6   | Got a scorched long sword
 31898 | Lair:6   | Identified the +6 long sword of Ocie {vamp, +Rage +Inv rC++
                  | Dex-4} (You found it on level 6 of the Lair of Beasts)
 31953 | Lair:6   | Reached skill level 1 in Shields
 32349 | Lair:6   | Found the +9 scales of the Dragon King {rPois rF+ rC+ MR+}
 32736 | D:12     | Noticed Erolcha
 32739 | D:12     | Killed Erolcha
 34734 | D:12     | Found a staircase to the Orcish Mines.
 34928 | D:12     | Found Lufo's Antique Weapon Boutique.
 35234 | D:12     | Found Lufo's Antique Weapon Boutique.
 35792 | D:12     | Found a staircase to the Orcish Mines.
 36084 | Orc:1    | Entered Level 1 of the Orcish Mines
 37126 | Orc:2    | Entered Level 2 of the Orcish Mines
 37126 | Orc:2    | Found a roughly hewn altar of Beogh.
 37126 | Orc:2    | Found a roughly hewn altar of Beogh.
 37350 | Orc:2    | Found Estaim's Magic Scroll Shoppe.
 37359 | Orc:2    | Bought a scroll of teleportation for 48 gold pieces
 37359 | Orc:2    | Bought a scroll of teleportation for 48 gold pieces
 37359 | Orc:2    | Bought a scroll of immolation for 56 gold pieces
 37540 | Orc:2    | Found Nen Lont's Assorted Antiques.
 37554 | Orc:2    | Found a staircase to the Elven Halls.
 37564 | Orc:2    | Found Cuw Xosk's Antique Armour Shop.
 37719 | Orc:2    | Bought a scroll labeled YTAIFEITILL for 35 gold pieces
 38194 | Orc:2    | Reached skill level 10 in Fighting
 38788 | Orc:2    | Reached skill level 16 in Spellcasting
 40674 | Orc:2    | Reached XP level 15. HP: 115/115 MP: 14/35
 41092 | Orc:2    | Found Liakk's General Store.
 41095 | Orc:2    | Found Mysihaint's Magic Scroll Boutique.
 41096 | Orc:2    | Found Gig Rutt's Magic Scroll Shop.
 41097 | Orc:2    | Found Uminoug's Book Shop.
 41100 | Orc:2    | Bought a scroll of fog for 30 gold pieces
 41100 | Orc:2    | Bought a scroll of teleportation for 45 gold pieces
 41100 | Orc:2    | Bought a scroll of teleportation for 45 gold pieces
 41100 | Orc:2    | Bought a scroll of teleportation for 45 gold pieces
 41100 | Orc:2    | Bought a scroll of fear for 52 gold pieces
 41101 | Orc:2    | Bought a scroll of fog for 28 gold pieces
 41101 | Orc:2    | Bought a scroll of teleportation for 42 gold pieces
 41104 | Orc:2    | Bought a scroll of blinking for 112 gold pieces
 41203 | Orc:2    | Bought Asmodeus's Volume of Fiery Attacks for 639 gold
                  | pieces
 41210 | Orc:2    | Learned a level 6 spell: Bolt of Fire
 41217 | Orc:2    | Learned a level 6 spell: Iron Shot
 41480 | Spider:1 | Entered Level 1 of the Spider Nest
 41747 | Spider:1 | Noticed Aizul
 42841 | Spider:1 | Killed Aizul
 42972 | Spider:1 | Reached skill level 1 in Earth Magic
 45596 | Spider:2 | HP: 5/117 [jumping spider (5)]
 45599 | Spider:2 | HP: 2/117 [jumping spider (4)]
 45603 | Spider:2 | Demolished by a jumping spider

Levels and vault maps discovered:
D:1:      lemuel_arrival_broad_hall, layout_loops_ring
D:2:      layout_loops_ring, nrook_uturn
D:3:      layout_basic, fountainhead
D:4:      layout_basic, minmay_temple_entry_junction, first_ration
D:5:      cheibrodos_helix_gallery, layout_cave_pools,
          nicolae_ossuary_entry_false_entrances, serial_shops, shop,
          kennysheep_mini, kennysheep_little_box, kennysheep_mini_moat, shop,
          basic_altar, minmay_holes, uniq_blork_the_orc, uniq_pikel
D:6:      layout_cave_pools, chequers_temple_overflow_statue_of_worship,
          nicolae_dithmenos_through_a_glass_darkly, uniq_edmund, uniq_sigmund
D:7:      layout_basic, uniq_harold
D:8:      layout_loops_cross, nicolae_overflow_crystal_walls,
          lemuel_crystal_altar, david_lair_shrubbed, water_boxes_lemuel
D:9:      layout_loops_corners, elyvilon_altar_3, slow_altar_1
D:10:     layout_roguey, gammafunk_ghost_cemetery, blue_anna_alchemist
          [blue_anna_fruit_fields, blue_anna_fruit_fields], minmay_misc_feat_iff
D:11:     layout_long_grid, serial_shops, bzr_entry_lakeside, xom_teletrap_fun
D:12:     layout_basic, erik_orc_1, serial_shops, shop, drop_trap, uniq_erolcha
Temple:   nicolae_temple_x_marks_the_god
Lair:1:   layout_regular_city, eino_small_chamber_without_monster
Lair:2:   layout_misc_corridors
Lair:3:   cheibrodos_lair_river_kwai, layout_gridlike, elwin_shoals_entry_rooms,
          bobbens_dragon_lair_wall
Lair:4:   layout_cave_pods, spider_nest_entry_web_field,
          portal_ice_cave_entry_animals_and_master, uniq_nergalle
Lair:5:   layout_regular_city
Lair:6:   grunt_lair_end_beastmaster, layout_layer_cave, slime_altar_2,
          columned_hall_lemuel, minmay_lair_oklob_chamber
Spider:1: layout_spider_delve, special_room [special_room_bee], uniq_aizul
Spider:2: layout_spider_delve, hangedman_spider_tarantella_strand
Orc:1:    layout_diamond_mine
Orc:2:    st_orc_pillars, layout_diamond_mine, basic_altar, serial_shops,
          nicolae_shop_waterfront, shop, nicolae_shop_waterfront, mines2_david

Skill      XL: |  1  2  3  4  5  6  7  8  9 10 11 12 13 14 15 |
---------------+----------------------------------------------+-----
Conjurations   | 1 2 3 4 5 6 7 8 10 11 12 | 12.2
Spellcasting   | 3 4 5 6 7 9 11 12 13 15 16 | 16.6
Fire Magic     | 3 4 5 7 8 9 10 11 12 | 12.4
Fighting       | 1 2 3 4 5 6 7 8 9 10 | 10.4
Evocations     | 2 3 4 |  4.5
Shields        | 2 3 |  3.3
Earth Magic    | 1 |  1.8
Dodging        | |  1.5
Stealth        | |  1.5

Action                   |  1- 3 |  4- 6 |  7- 9 | 10-12 | 13-15 || total
-------------------------+-------+-------+-------+-------+-------++-------
Melee: Dagger            |       |    11 |    28 |    27 |    87 ||   153
 Cast: Flame Tongue      |    64 |   118 |   181 |   497 |   305 ||  1165
       Conjure Flame     |       |     6 |     8 |    23 |    21 ||    58
       Sticky Flame      |       |       |    14 |    40 |    49 ||   103
       Fireball          |       |       |    31 |    70 |   382 ||   483
       Bolt of Fire      |       |       |       |       |    89 ||    89
       Iron Shot         |       |       |       |       |     7 ||     7
Invok: Potion Petition   |       |       |     2 |     1 |     3 ||     6
       Call Merchant     |       |       |       |     1 |     1 ||     2
 Abil: Evoke Flight      |       |       |       |       |     1 ||     1
Evoke: Wand              |       |     4 |    12 |     2 |    16 ||    34
       Lamp of fire      |       |       |       |       |     3 ||     3
       Sack of spiders   |       |       |       |       |     2 ||     2
       Phantom mirror    |       |       |       |       |     1 ||     1
  Use: Scroll            |       |     7 |     5 |     6 |    13 ||    31
 Stab: Distracted        |       |       |       |     1 |       ||     1
Armor: Robe              |     2 |    10 |    32 |   100 |   126 ||   270
Dodge: Dodged            |    15 |    33 |   109 |   164 |   355 ||   676
Block: Other             |       |       |       |     9 |    20 ||    29
       Reflection        |       |       |       |     1 |    14 ||    15
       Buckler           |       |       |       |       |    95 ||    95

Table legend:
 A = Non-vault XP
 B = Vault XP
 C = Vault XP percentage of total XP
 D = Non-vault monster count
 E = Vault monster count
 F = Vault count percentage of total count
                 A         B        C        D         E       F
            +---------+---------+-------+---------+---------+-------
      Total |   83608 |   44550 |  34.8 |     527 |     193 |  26.8
            +---------+---------+-------+---------+---------+-------
        D:1 |      29 |       0 |   0.0 |      17 |       0 |   0.0
        D:2 |      89 |       0 |   0.0 |      26 |       0 |   0.0
        D:3 |      58 |       0 |   0.0 |      22 |       0 |   0.0
        D:4 |     519 |     586 |  53.0 |      17 |       1 |   5.6
        D:5 |    1073 |     365 |  25.4 |      33 |       3 |   8.3
        D:6 |     761 |     166 |  17.9 |      13 |       1 |   7.1
        D:7 |    2483 |     976 |  28.2 |      29 |       1 |   3.3
        D:8 |    1139 |     338 |  22.9 |      24 |       1 |   4.0
        D:9 |    2406 |       4 |   0.2 |      24 |       1 |   4.0
       D:10 |    3872 |     100 |   2.5 |      31 |       1 |   3.1
       D:11 |    4540 |     136 |   2.9 |      26 |       1 |   3.7
       D:12 |    6218 |    1381 |  18.2 |      44 |      17 |  27.9
     Lair:1 |    3910 |       0 |   0.0 |      11 |       0 |   0.0
     Lair:2 |    3110 |       0 |   0.0 |      17 |       0 |   0.0
     Lair:3 |    6181 |    7656 |  55.3 |      27 |      24 |  47.1
     Lair:4 |    3076 |    3546 |  53.5 |      11 |      12 |  52.2
     Lair:5 |    5436 |       0 |   0.0 |      16 |       0 |   0.0
     Lair:6 |   15219 |   10101 |  39.9 |      35 |      20 |  36.4
   Spider:1 |    6971 |    4021 |  36.6 |      28 |      23 |  45.1
   Spider:2 |   12575 |     197 |   1.5 |      29 |       1 |   3.3
      Orc:1 |    1928 |     130 |   6.3 |      24 |       1 |   4.0
      Orc:2 |    2015 |   11641 |  85.2 |      23 |      74 |  76.3
      IceCv |       0 |    3206 | 100.0 |       0 |      11 | 100.0
            +---------+---------+-------+---------+---------+-------
